Map: [ESL] Oceanborn

Players

PAPl - Winner!

  • Race: Protoss Protoss
  • Spawn Location: 5:00

ShaDoWn

  • Race: Protoss Protoss
  • Spawn Location: 11:00

Event: ESL SC2 Masters 2023 Winter (Regional)

VOD

Have the link to the VOD?

Description

Time

  • Played on: Oct. 29, 2023, 11:01 a.m.
  • Length: 13:03

All games in this series

Show
View Real Time Build Order
Export as new Build Order

PAPl Protoss - Winner!

Build Orders:  

Get SALT Encoding   

  12  0:00  Probe  
  13  0:12  Probe  
  14  0:16  Pylon  
  14  0:24  Probe (Chrono Boost)  
  15  0:36  Gateway, Probe (Chrono Boost)  
  16  0:44  Probe (Chrono Boost)  
  16  0:45  Assimilator  
  17  0:51  Probe  
  17  0:54  Assimilator  
  18  1:03  Probe (Chrono Boost)  
  19  1:06  Gateway  
  19  1:12  Probe (Chrono Boost)  
  19  1:17  Probe (Chrono Boost)  
  20  1:24  Cybernetics Core  
  21  1:29  Probe  
  22  1:33  Pylon  
  22  1:41  Probe  
  23  1:53  Probe  
  24  1:58  Warp Gate (Chrono Boost)  
  24  2:00  Adept x2  
  28  2:11  Pylon  
  28  2:30  Stalker x2  
  28  2:36  Probe  
  33  2:53  Nexus  
  33  3:00  Sentry x2  
  37  3:05  Shield Battery  
  37  3:11  Probe  
  36  3:22  Pylon  
  36  3:23  Pylon, Probe  
  35  3:35  Probe (Chrono Boost)  
  36  3:41  Adept  
  36  3:42  Adept  
  36  3:46  Twilight Council  
  36  3:47  Probe (Chrono Boost)  
  41  3:51  Robotics Facility  
  41  3:55  Probe (Chrono Boost)  
  42  4:01  Probe  
  42  4:06  Phoenix  
  42  4:09  Stalker x2  
  47  4:13  Probe (Chrono Boost)  
  47  4:15  Probe (Chrono Boost)  
  47  4:21  Blink (Chrono Boost)  
  46  4:26  Probe (Chrono Boost)  
  46  4:29  Probe (Chrono Boost)  
  46  4:31  Probe (Chrono Boost)  
  47  4:33  Probe (Chrono Boost)  
  50  4:38  Observer  
  50  4:40  Probe  
  50  4:44  Pylon  
  50  4:45  Probe  
  52  4:50  Phoenix  
  52  4:52  Probe  
  53  4:57  Probe  
  54  5:02  Pylon  
  54  5:03  Stalker x2  
  54  5:04  Shield Battery  
  58  5:09  Probe  
  58  5:12  Probe  
  58  5:14  Assimilator  
  60  5:18  Immortal (Chrono Boost)  
  64  5:25  Probe  
  64  5:27  Stalker  
  67  5:32  Pylon  
  67  5:45  Nexus  
  67  5:47  Probe  
  68  5:50  Stalker  
  68  5:54  Probe  
  71  5:59  Probe  
  70  6:06  Probe  
  70  6:07  Adept  
  70  6:10  Immortal (Chrono Boost)  
  71  6:11  Probe  
  71  6:18  Forge, Probe  
  77  6:23  Probe  
  78  6:31  Pylon x2  
  78  6:43  Phoenix  
  78  6:45  Gateway  
  78  6:47  Gateway  
  78  6:49  Immortal (Chrono Boost), Probe x2  
  78  6:52  Stalker  
  78  6:53  Stalker  
  87  6:55  Protoss Ground Weapons Level 1 (Chrono Boost)  
  87  7:01  Probe (Chrono Boost)  
  87  7:04  Probe (Chrono Boost)  
  87  7:08  Probe (Chrono Boost)  
  85  7:12  Dark Shrine, Charge, Probe (Chrono Boost)  
  85  7:14  Probe (Chrono Boost)  
  88  7:18  Probe x2 (Chrono Boost)  
  88  7:19  Probe (Chrono Boost)  
  88  7:20  Assimilator  
  88  7:21  Pylon  
  90  7:25  Warp Prism (Chrono Boost)  
  90  7:26  Probe  
  90  7:27  Probe  
  94  7:37  Stalker x2  
  94  7:43  Gateway, Assimilator  
  98  7:45  Gateway  
  98  7:55  Zealot x2, Pylon  
  102  8:01  Nexus  
  102  8:03  Pylon  
  102  8:12  Probe  
  102  8:20  Gateway x2  
  102  8:27  Dark Templar x4  
  104  8:36  Shield Battery  
  100  8:46  Dark Templar x2  
  82  8:53  Probe  
  82  8:54  Probe  
  72  8:58  Probe  
  71  9:05  Probe  
  71  9:06  Zealot x4, Probe  
  73  9:10  Probe  
  73  9:16  Probe  
  75  9:18  Probe x2  
  75  9:19  Dark Templar x3  
  75  9:22  Probe  
  82  9:28  Probe  
  82  9:30  Probe x2  
  81  9:34  Immortal (Chrono Boost), Probe  
  84  9:44  Probe  
  85  9:50  Probe  
  84  9:54  Probe  
  84  9:57  Stalker x3  
  84  9:58  Probe  
  86  10:00  Probe  
  86  10:06  Probe  
  84  10:09  Immortal (Chrono Boost)  
  88  10:19  Dark Templar x2  
  90  10:23  Protoss Ground Weapons Level 2 (Chrono Boost)  
  90  10:24  Archon  
  90  10:25  Zealot x5  
  96  10:35  Probe  
  97  10:41  Zealot  
  100  10:42  Probe  
  100  10:43  Pylon, Warp Prism (Chrono Boost), Probe  
  100  10:49  Dark Templar  
  105  10:50  Dark Templar  
  105  10:54  Archon  
  106  10:57  Zealot x3  
  111  11:08  Zealot  
  111  11:09  Zealot x2  
  115  11:13  Probe  
  115  11:16  Probe  
  115  11:19  Dark Templar x2  
  119  11:28  Observer  
  119  11:30  Zealot x2  
  119  11:31  Zealot x3, Archon  
  129  11:33  Zealot  
  129  11:34  Probe  
  129  11:36  Probe x2  
  134  11:51  Dark Templar x2, Zealot x2  
  134  11:52  Zealot x2  
  146  11:58  Archon  
  146  11:59  Zealot  
  148  12:03  Pylon  
  148  12:07  Pylon  
  146  12:17  Zealot x2  
  146  12:22  Zealot x4  
  138  12:29  Dark Templar x2  
  95  12:45  Zealot x4  
  95  12:46  Zealot x2  
  95  12:50  Probe  
Show
View Real Time Build Order
Export as new Build Order

ShaDoWn Protoss 

Build Orders:  

Get SALT Encoding   

  12  0:00  Probe  
  13  0:12  Probe  
  14  0:17  Pylon  
  14  0:24  Probe  
  15  0:35  Gateway  
  15  0:37  Probe (Chrono Boost)  
  16  0:46  Probe (Chrono Boost)  
  16  0:47  Assimilator  
  17  0:51  Probe (Chrono Boost)  
  18  0:57  Assimilator  
  18  1:03  Probe (Chrono Boost)  
  19  1:09  Gateway  
  19  1:14  Probe (Chrono Boost)  
  20  1:18  Probe (Chrono Boost)  
  20  1:24  Cybernetics Core  
  21  1:29  Probe  
  22  1:34  Pylon  
  22  1:41  Probe  
  23  1:53  Probe  
  24  2:00  Adept, Warp Gate, Stalker  
  28  2:09  Pylon  
  28  2:30  Stalker x2  
  31  2:48  Nexus  
  31  2:51  Probe  
  32  3:03  Probe  
  32  3:04  Shield Battery  
  33  3:17  Probe  
  32  3:20  Twilight Council  
  32  3:29  Probe  
  33  3:36  Pylon  
  33  3:41  Probe  
  34  3:49  Stalker x2  
  34  3:53  Probe  
  38  3:55  Shield Battery  
  37  4:04  Blink (Chrono Boost)  
  37  4:16  Probe (Chrono Boost)  
  36  4:19  Probe (Chrono Boost)  
  36  4:27  Probe (Chrono Boost)  
  36  4:29  Probe (Chrono Boost)  
  36  4:31  Robotics Facility  
  38  4:32  Probe (Chrono Boost)  
  38  4:34  Probe (Chrono Boost)  
  40  4:42  Probe (Chrono Boost)  
  42  4:46  Stalker, Probe (Chrono Boost)  
  42  4:47  Stalker  
  42  4:50  Probe (Chrono Boost)  
  47  4:53  Probe (Chrono Boost)  
  47  4:57  Probe  
  49  5:03  Probe  
  50  5:09  Probe  
  50  5:12  Nexus  
  51  5:16  Probe  
  51  5:18  Observer  
  51  5:19  Stalker  
  55  5:21  Probe  
  55  5:24  Stalker  
  58  5:30  Pylon  
  58  5:31  Probe  
  59  5:36  Probe  
  59  5:39  Pylon  
  60  5:43  Probe  
  60  5:48  Assimilator  
  60  5:49  Stalker x2  
  65  5:50  Probe  
  65  5:55  Probe  
  67  6:02  Probe  
  68  6:07  Probe  
  68  6:11  Forge  
  69  6:12  Adept x2  
  69  6:14  Probe  
  74  6:19  Gateway, Probe  
  74  6:21  Gateway  
  74  6:24  Protoss Ground Weapons Level 1  
  73  6:26  Probe x2  
  73  6:31  Probe (Chrono Boost)  
  76  6:32  Stalker x2  
  76  6:38  Probe (Chrono Boost)  
  80  6:42  Charge (Chrono Boost)  
  80  6:43  Probe x2 (Chrono Boost)  
  81  6:49  Probe (Chrono Boost)  
  81  6:53  Probe (Chrono Boost)  
  81  6:54  Shield Battery  
  83  6:56  Probe  
  83  6:59  Stalker  
  83  7:00  Stalker  
  84  7:03  Probe  
  85  7:08  Gateway  
  85  7:10  Gateway  
  85  7:11  Gateway  
  85  7:14  Pylon  
  86  7:16  Pylon  
  86  7:17  Stalker x2  
  86  7:21  Warp Prism  
  91  7:26  Gateway  
  91  7:28  Stalker  
  91  7:29  Observer  
  93  7:32  Observer  
  93  7:34  Stalker  
  96  7:42  Nexus  
  95  7:46  Pylon, Stalker x2  
  99  7:55  Stalker  
  101  7:59  Stalker  
  101  8:04  Observer  
  101  8:05  Stalker x3  
  109  8:10  Pylon  
  109  8:13  Stalker x2  
  109  8:15  Pylon  
  109  8:18  Observer  
  109  8:29  Zealot x6  
  119  8:36  Probe  
  116  8:45  Zealot x2, Probe  
  111  8:53  Zealot x3, Stalker x3  
  111  8:54  Probe  
  118  9:01  Photon Cannon  
  118  9:02  Robotics Facility  
  108  9:04  Probe  
  97  9:12  Stalker x2  
  97  9:13  Probe  
  98  9:20  Probe  
  96  9:29  Photon Cannon  
  95  9:34  Stalker x2  
  95  9:35  Stalker  
  99  9:42  Probe  
  99  9:45  Zealot x4  
  98  9:59  Probe  
  99  10:01  Zealot x2  
  103  10:09  Probe  
  100  10:15  Probe x3  
  97  10:21  Probe  
  97  10:26  Observer (Chrono Boost)  
  97  10:27  Probe (Chrono Boost)  
  101  10:28  Zealot x4  
  101  10:29  Probe x2 (Chrono Boost)  
  101  10:33  Probe (Chrono Boost)  
  110  10:36  Photon Cannon  
  110  10:39  Probe (Chrono Boost)  
  110  10:41  Probe (Chrono Boost)  
  114  10:43  Zealot x3  
  114  10:44  Zealot, Probe (Chrono Boost)  
  114  10:45  Probe (Chrono Boost)  
  114  10:48  Probe (Chrono Boost)  
  114  10:49  Probe (Chrono Boost)  
  124  10:51  Probe (Chrono Boost)  
  124  10:54  Probe (Chrono Boost)  
  126  10:57  Probe  
  126  10:58  Probe  
  126  11:00  Probe  
  126  11:01  Assimilator  
  129  11:06  Probe  
  129  11:09  Photon Cannon, Probe  
  129  11:10  Probe  
  130  11:12  Probe  
  130  11:18  Probe  
  128  11:22  Probe  
  128  11:23  Probe  
  128  11:24  Probe  
  125  11:28  Zealot x5, Stalker x2  
  125  11:30  Probe  
  140  11:34  Pylon  
  140  11:40  Shield Battery  
  140  11:44  Observer  
  140  11:52  Pylon, Probe x4  
  144  11:55  Photon Cannon  
  144  11:57  Photon Cannon  
  144  11:58  Photon Cannon, Stalker x2  
  148  12:03  Assimilator  
  148  12:08  Pylon  
  148  12:09  Pylon  
  148  12:14  Stalker x4  
  150  12:19  Stalker x2  
  137  12:24  Zealot x2  
  137  12:25  Probe  
  110  12:37  Stalker x3  
  110  12:41  Stalker  
  110  12:43  Zealot x2  
  108  12:48  Stalker x2  
Tags
 
Add a new tag
Caveats
  • Supply blocks, unpowered buildings, or Contaminate may cause inaccurate times.
  • Supply counts are checked every 10 seconds.